 Seeded DCSS version 0.27.1-2-g3b301248ec (webtiles) character file.

Game seed: 6258058316398713103 (custom seed)

281 a11behringer the Cudgeller (level 6, -3/59 HPs)
             Began as a Troll Berserker on Sept 24, 2021.
             Was a Believer of Trog.
             Slain by an orc priest (6 damage)
             ... on level 4 of the Dungeon.
             The game lasted 00:08:16 (1663 turns).

a11behringer the Cudgeller (Troll Berserker)        Turns: 1663, Time: 00:08:16

Health: -3/59      AC:  6    Str: 26    XL:     6   Next: 6%
Magic:  5/5        EV: 10    Int:  3    God:    Trog [**....]
Gold:   125        SH:  0    Dex: 11    Spells: 5/5 levels left

rFire    . . .     SeeInvis +   a - +0 mace
rCold    . . .     Faith    .   (no shield)
rNeg     . . .     Spirit   .   b - +0 animal skin
rPois    .         Reflect  .   m - +2 hat
rElec    .         Harm     .   (no cloak)
rCorr    +         Rampage  .   (gloves unavailable)
Will     .....                  (boots unavailable)
Stlth    +.........             (no amulet)
HPRegen  1.19/turn              d - ring of resist corrosion
MPRegen  0.09/turn              f - ring of see invisible

@: on berserk cooldown, slowed, very slow
A: large, unfitting armour, claws 3, regeneration 1, shaggy fur 1, tough skin 1
a: Renounce Religion, Berserk, Trog's Hand


You were on level 4 of the Dungeon.
You worshipped Trog.
Trog was pleased with you.
You visited 1 branch of the dungeon, and saw 4 of its levels.

You collected 125 gold pieces.

Inventory:

Hand Weapons
 a - a +0 mace (weapon)
 v - a +0 giant club
Armour
 b - a +0 animal skin (worn)
 k - a +0 tower shield
 m - a +2 hat (worn)
 o - a +0 pair of gloves
Jewellery
 d - a ring of resist corrosion (left claw)
 f - a ring of see invisible (right claw)
 s - an amulet of the acrobat
Scrolls
 c - a scroll of magic mapping {unknown}
 g - 2 scrolls of acquirement {unknown}
 i - 2 scrolls of vulnerability {unknown}
 j - a scroll of noise {unknown}
 l - 2 scrolls of identify {unknown}
 p - a scroll of enchant weapon {unknown}
 r - a scroll of amnesia {unknown}
 u - a scroll of enchant armour {unknown}
 w - a scroll of fear {unknown}
Potions
 e - a potion of brilliance {unknown}
 h - 2 potions of haste {unknown}
 n - a potion of heal wounds {unknown}
 q - a potion of might {unknown}
 t - a potion of attraction {unknown}
 x - a potion of curing {unknown}


   Skills:
 - Level 2.4 Fighting
 * Level 6.2 Maces & Flails
 - Level 2.4 Dodging


You had 5 spell levels left.
You didn't know any spells.
Your spell library was empty.

Dungeon Overview and Level Annotations

Branches:
Dungeon (4/15)
 Temple: D:4-7

Altars:
Fedhas
Okawaru


Innate Abilities, Weirdness & Mutations

You are too large for most types of armour.
You have claws for hands.
Your natural rate of healing is unusually fast.
You are covered in fur. (AC +1)
You have tough skin. (AC +1)


Message History

You kill the orc priest!
Trog accepts your kill.
You are no longer berserk.
You are exhausted.
You feel yourself slow down. The orc hits you with a +0 flail.
The orc priest calls down the wrath of Beogh upon you.
Beogh smites you!
You have reached level 6!
Your experience leads to an increase in your attributes!
Increase (S)trength, (I)ntelligence, or (D)exterity?
You feel agile.
You feel stronger. The orc hits you but does no damage.
The orc barely misses you.
The orc priest hits you but does no damage.
The orc hits you but does no damage. The orc barely misses you. x2
Items here: )))) [[ †.
You completely miss the orc priest.
Your skin stops crawling.
You feel less strong-willed. The orc priest barely misses you.
The orc barely misses you. The orc hits you with a +0 hand axe.
The orc barely misses you.
The orc priest invokes the aid of Beogh against you.
Pain shoots through your body!
You completely miss the orc priest. The orc barely misses you. x2
The orc hits you with a +0 flail.
The orc priest hits you with a +0 trident.
* * * LOW HITPOINT WARNING * * *
The orc barely misses you. The orc hits you with a +0 hand axe.
* * * LOW HITPOINT WARNING * * *
The orc hits you with a +0 flail.
* * * LOW HITPOINT WARNING * * *
The orc priest hits you but does no damage.
You closely miss the orc priest. The orc hits you but does no damage. x2
The orc hits you with a +0 flail!
* * * LOW HITPOINT WARNING * * *
The orc priest barely misses you. The orc barely misses you.
The orc hits you but does no damage.
You thump the orc priest!
The orc priest is heavily wounded.
The orc hits you but does no damage.
The orc priest hits you with a +0 trident.
You die...

#...#
#.......#...#######
#.......#.........##
#.......##...###...#
#.......####..##.###
#.......# ##.#..####
#.......# ##.#(#....
#..oo...# #......###
##@# #...#### #oo#
##...# #..#
####...###
#.)###†.......#
#......##.###.##
#...####..# #..#
#........## ##.#
#..###..## #.#
#..####.######.#


You could see an orc priest and 3 orcs.

Vanquished Creatures
  An ogre (D:4)
  An orc priest (D:4)
  A hound (D:4)
  An iguana (D:4)
  5 adders
  4 worms
  A dart slug (D:4)
  4 orcs (D:4)
  2 ball pythons
  7 endoplasms
  A giant cockroach (D:2)
  2 goblins (D:1)
  4 hobgoblins
  2 quokkas
  2 bats
  4 frilled lizards
  9 kobolds
  8 rats
59 creatures vanquished.

Notes
Turn   | Place    | Note
-------+----------+-------------------------------------------
     0 | D:1      | a11behringer the Troll Berserker began the quest for the
                  | Orb.
     0 | D:1      | Reached XP level 1. HP: 22/22 MP: 0/0
   117 | D:1      | Reached skill level 3 in Maces & Flails
   123 | D:1      | Found a faded altar of an unknown god.
   186 | D:1      | Reached XP level 2. HP: 29/29 MP: 1/1
   694 | D:2      | Reached XP level 3. HP: 35/36 MP: 2/2
   890 | D:2      | Reached skill level 4 in Maces & Flails
   917 | D:2      | Found a blossoming altar of Fedhas.
   937 | D:2      | Reached ** piety under Trog
  1319 | D:3      | Reached XP level 4. HP: 38/44 MP: 3/3
  1522 | D:4      | Noticed an ogre
  1528 | D:4      | Reached skill level 5 in Maces & Flails
  1537 | D:4      | Killed an ogre
  1538 | D:4      | Reached XP level 5. HP: 22/50 MP: 4/4
  1566 | D:4      | Found an iron altar of Okawaru.
  1598 | D:4      | Reached skill level 6 in Maces & Flails
  1659 | D:4      | Reached XP level 6. HP: 20/59 MP: 5/5
  1662 | D:4      | HP: 1/59 [orc (8)]
  1663 | D:4      | Slain by an orc priest

Illustrated notes

Levels and vault maps discovered:
D:1:      sevenhm_arrival_forest_fort_large_2, layout_rooms,
          ebering_ecumenical_altar_sacrificial
D:2:      layout_rooms, basic_altar, minmay_misc_feat_encased,
          grunt_ministairs_2
D:3:      layout_rooms
D:4:      layout_rooms, okawaru_trees_1

Skill      XL: |  1  2  3  4  5 |
---------------+----------------+-----
Maces & Flails | 3 4 5 6 |  6.2
Fighting       | |  2.4
Dodging        | |  2.4

Action                   |  1- 3 |  4- 6 || total
-------------------------+-------+-------++-------
Melee: Mace              |    98 |    66 ||   164
Invok: Berserk           |       |     1 ||     1
       Trog's Hand       |       |     1 ||     1
 Stab: Sleeping          |     1 |     1 ||     2
Armor: Animal skin       |    35 |    34 ||    69
Dodge: Dodged            |    44 |    52 ||    96
